 Dungeon Crawl Stone Soup version 0.31-a0-16-g6d2539766c (webtiles) character file.

Game seed: 4306091487084182509

2219 lunkers the Zephyrmancer (level 9, 0/62 HPs)
             Began as a Meteoran Air Elementalist on May 8, 2023.
             Killed by their own static electricity (1 damage)
             ... on level 8 of the Dungeon.
             The game lasted 00:10:37 (3175 turns).

lunkers the Zephyrmancer (MeAE)                     Turns: 3175, Time: 00:10:38

Health: 0/62       AC:  7    Str: 10    XL:     9   Next: 92%
Magic:  10/21      EV: 16    Int: 22    God:
Gold:   390        SH:  0    Dex: 14    Spells: 13/23 levels left

rFire   . . .        a - +3 quarterstaff (chaos)
rCold   . . .        (shield currently unavailable)
rNeg    . . .        J - +0 acid dragon scales
rPois   .            f - +0 helmet
rElec   .            (no cloak)
rCorr   +            (no gloves)
SInv    +            (no boots)
Will    +....        F - amulet of the acrobat
Stlth   +            o - +5 ring of evasion
HPRegen 0.30/turn    p - ring of see invisible
MPRegen 0.17/turn

%: acrobat
@: swift, glowing, quick
A: sense surroundings 2, otherworldly, glowing, explore regen
a: no special abilities


You were on level 8 of the Dungeon.
You visited 1 branch of the dungeon, and saw 8 of its levels.

You collected 390 gold pieces.

Inventory:

Hand Weapons
 a - a +3 quarterstaff of chaos (weapon)
 c - a +0 trident
 w - a +0 dagger
Missiles
 B - a throwing net
Armour
 f - a +0 helmet (worn)
 k - the +1 robe of the Saviour {rF+}
   (You found it on level 2 of the Dungeon)

   rF:        It protects you from fire.
 H - a +0 robe
 I - a +0 cloak
 J - +0 acid dragon scales (worn)
Jewellery
 o - a +5 ring of evasion (left hand)
 p - a ring of see invisible (right hand)
 A - a ring of flight
 D - a +4 ring of slaying
 F - an amulet of the acrobat (around neck)
Wands
 y - a wand of mindburst (14)
 C - a wand of charming (3)
Scrolls
 g - 3 scrolls of enchant armour {unknown}
 h - a scroll of torment {unknown}
 j - a scroll of amnesia {unknown}
 m - a scroll of immolation {unknown}
 q - a scroll of fear {unknown}
 t - a scroll of fog {unknown}
 u - 2 scrolls of teleportation {unknown}
 v - 2 scrolls of poison {unknown}
 E - a scroll of vulnerability {unknown}
 G - a scroll of identify {unknown}
Potions
 b - a potion of magic
 d - a potion of invisibility {unknown}
 e - a potion of ambrosia {unknown}
 i - 3 potions of curing {unknown}
 l - a potion of attraction {unknown}
 n - 2 potions of heal wounds {unknown}
 r - a potion of might {unknown}
 s - a potion of cancellation {unknown}
 x - 3 potions of degeneration {unknown}
 z - a potion of lignification {unknown}


   Skills:
 - Level 2.4 Dodging
 - Level 1.4 Stealth
 + Level 7.7 Spellcasting
 + Level 7.2 Conjurations
 * Level 10.9 Air Magic


You had 13 spell levels left.
You knew the following spells:

 Your Spells              Type           Power      Damage    Failure   Level
a - Shock                 Conj/Air       100%       1d9       1%          1
b - Static Discharge      Conj/Air       96%        2-6/arc   1%          2
c - Airstrike             Air            27%        2d(4-20)  1%          4
d - Swiftness             Air            54%        N/A       1%          3

Your spell library contained the following spells:

 Spells                   Type           Power      Damage    Failure   Level
 Ozocubu's Armour         Ice            8%         N/A       36%         3
 Metabolic Englaciation   Hex/Ice        4%         N/A       98%         5
 Simulacrum               Ice/Necr       4%         N/A       100%        6


Dungeon Overview and Level Annotations

Branches:
Dungeon (8/15) Zot: 1626
 Temple: D:4-7         Lair: D:8-11

Altars:

Shops:
D:1 :   D:6 [   D:7 [


Innate Abilities, Weirdness & Mutations

You passively map the area around you.
You are easily found by Zot.
You glow in the dark.
You regain HP and MP as you explore.


Message History

Casting: Swiftness (safe; 1% risk of failure)
Confirm with . or Enter, or press ? or * to list all spells.
This spell is already in effect.
Unknown command.
Unknown command.
Unknown command.
Casting: Swiftness (safe; 1% risk of failure)
Confirm with . or Enter, or press ? or * to list all spells.
Aiming: Airstrike (dangerous; 1% risk of failure)
Press: ? - help, Dir - move target, f - killer bee
Aim: a killer bee (empty space bonus: 3/8)
The air twists around and strikes the killer bee!
The killer bee is almost dead.
You hear an angry buzzing noise.
A killer bee comes into view.
The killer bee stings you!
* * * LOW HITPOINT WARNING * * *
The killer bee stings you.
* * * LOW HITPOINT WARNING * * *
Casting: Airstrike (dangerous; 1% risk of failure)
Confirm with . or Enter, or press ? or * to list all spells.
The killer bee is struck by an arc of lightning.
You kill the killer bee!
The killer bee is struck by an arc of lightning!
The killer bee is heavily wounded.
The killer bee stings you.
* * * LOW HITPOINT WARNING * * *
A wight comes into view. It is wielding a +3 dagger.
Unknown command.
Unknown command.
Casting: Static Discharge (safe; 1% risk of failure)
Confirm with . or Enter, or press ? or * to list all spells.
The killer bee is struck by an arc of lightning.
The killer bee is severely wounded.
You are struck by an arc of lightning.
* * * LOW HITPOINT WARNING * * *
The killer bee is struck by an arc of lightning.
You kill the killer bee!
You are struck by an arc of lightning.
You die...

.. #.#
#<..#.#..#, , .
#.# ##.......#*
* ,* #
#.###..#...###,,
** ,
..##...#...# ,
** , , *
........#### *
,* * **
,...####.....# ,
...# ##.##.# * ,
* * ... #.##.#,
* * * , #.##@# ,
* , , #.##.†..#*
* ,* #.####.## *
, #.. z# * ,,.#.
* # , * * ** , *
* * , ,, * ,, *
* ** * , * *


You could see a wight.

Vanquished Creatures
  A steam dragon (D:6)
  Menkaure (D:5)
  An acid dragon (D:7)
  A water moccasin (D:7)
  2 ice beasts
  A black bear (D:5)
  An ogre (D:4)
  2 centaurs
  3 phantoms (D:5)
  A kobold brigand (D:8)
  2 bullfrogs
  2 scorpions (D:5)
  2 killer bees (D:8)
  A hound (D:5)
  2 orc priests
  Crazy Yiuf (D:6)
  8 iguanas
  A sleepcap (D:6)
  6 orc wizards
  7 gnolls (D:5)
  2 adders
  A shadow imp (D:6)
  An ufetubus (D:5)
  2 worms
  2 dart slugs
  15 orcs
  6 ball pythons
  3 endoplasms
  3 giant cockroaches
  6 goblins
  2 hobgoblins
  2 quokkas
  3 bats (D:2)
  A frilled lizard (D:1)
  6 kobolds
  A rat (D:1)
102 creatures vanquished.

Notes
Turn   | Place    | Note
-------+----------+-------------------------------------------
     0 | D:1      | lunkers the Meteoran Air Elementalist began the quest for
                  | the Orb.
     0 | D:1      | Reached XP level 1. HP: 14/14 MP: 5/5
   188 | D:1      | Found Lais's Vocational Training.
   228 | D:1      | Reached XP level 2. HP: 20/20 MP: 4/6
   269 | D:1      | Reached skill level 4 in Air Magic
   272 | D:1      | Learned a level 2 spell: Static Discharge
   527 | D:2      | Reached XP level 3. HP: 14/26 MP: 3/8
   534 | D:2      | Identified the +1 robe of the Saviour {rF+}
   855 | D:3      | Reached XP level 4. HP: 30/33 MP: 6/9
  1110 | D:3      | Reached skill level 5 in Air Magic
  1110 | D:3      | Reached XP level 5. HP: 21/38 MP: 4/11
  1443 | D:4      | Noticed an ogre
  1450 | D:4      | Killed an ogre
  1451 | D:4      | Reached XP level 6. HP: 8/45 MP: 2/13
  1505 | D:4      | Reached skill level 6 in Air Magic
  1529 | D:4      | Noticed an ice beast
  1538 | D:4      | Killed an ice beast
  1539 | D:4      | Reached XP level 7. HP: 13/50 MP: 4/14
  1581 | D:4      | HP: 1/50 [/static electricity (2)]
  1606 | D:5      | Entered Level 5 of the Dungeon
  1643 | D:5      | Reached skill level 7 in Air Magic
  1646 | D:5      | Reached skill level 5 in Spellcasting
  1716 | D:5      | Noticed Menkaure
  1723 | D:5      | Killed Menkaure
  1724 | D:5      | Reached XP level 8. HP: 43/57 MP: 6/17
  1742 | D:5      | Reached skill level 5 in Conjurations
  1742 | D:5      | Reached skill level 8 in Air Magic
  1885 | D:5      | Reached skill level 9 in Air Magic
  2015 | D:5      | Gained mutation: You passively map the area around you.
                  | [Meteoran growth]
  2015 | D:5      | Reached XP level 9. HP: 44/62 MP: 13/19
  2137 | D:6      | Learned a level 4 spell: Airstrike
  2142 | D:6      | Learned a level 3 spell: Swiftness
  2201 | D:6      | Found Qaongiz's Armour Shop.
  2439 | D:6      | Reached skill level 10 in Air Magic
  2522 | D:6      | Found a runed translucent door.
  2523 | D:6      | Noticed Crazy Yiuf
  2529 | D:6      | Killed Crazy Yiuf
  2880 | D:7      | Found Lairiusi's Antique Armour Shop.
  3175 | D:8      | HP: 1/62 [/static electricity (5)]
  3175 | D:8      | Killed from afar by themself

Illustrated notes

Levels and vault maps discovered:
D:1:      co_arrival_random_square_maze, layout_basic, minivault_14,
          nicolae_shop_vocational
D:2:      layout_rooms
D:3:      layout_loops_corners
D:4:      layout_gridville
D:5:      layout_loops_ring, minmay_fractal_squares_5, uniq_menkaure
D:6:      layout_loops_cross, minmay_temple_entry_mist, serial_shops, shop,
          uniq_duvessa, uniq_crazy_yiuf_cottage
D:7:      layout_basic, serial_shops, shop
D:8:      layout_rooms

Skill      XL: |  1  2  3  4  5  6  7  8  9 |
---------------+----------------------------+-----
Air Magic      | 4 5 6 7 9 10 | 10.9
Spellcasting   | 3 4 5 6 7 |  7.7
Conjurations   | 2 3 4 5 7 |  7.2
Dodging        | |  2.4
Stealth        | |  1.4

Action                     |  1- 3 |  4- 6 |  7- 9 || total
---------------------------+-------+-------+-------++-------
  Melee: Unarmed           |     2 |       |       ||     2
         Trident           |       |       |    13 ||    13
         Quarterstaff      |       |       |     1 ||     1
         Punch             |       |       |     1 ||     1
   Cast: Shock             |    20 |     6 |    26 ||    52
         Static Discharge  |    19 |    28 |    90 ||   137
         Airstrike         |       |       |     3 ||     3
         Swiftness         |       |       |     1 ||     1
 Armour: Robe              |     9 |     1 |    21 ||    31
         Acid dragon scale |       |       |     5 ||     5
  Dodge: Dodged            |    16 |    11 |    78 ||   105

Table legend: (Time is in decaauts)
 A = Elapsed time spent in this place.
 B = Non-inter-level travel time spent in this place.
 C = Inter-level travel time spent in this place.
 D = Time resting spent in this place.
 E = Time spent auto-exploring this place.
 F = Levels seen in this place.
 G = Mean time per level.
                   A        B        C        D        E       F      G
               +--------+--------+--------+--------+--------+-----+--------+
         Total |   3173 |   3010 |    163 |      0 |   2223 |   8 |  396.6 |
       Dungeon |   3173 |   3010 |    163 |      0 |   2223 |   8 |  396.6 |
               +--------+--------+--------+--------+--------+-----+--------+

Top non-repeatable levels by time:
     D:3: 652 daAuts
     D:7: 573 daAuts
     D:5: 525 daAuts
     D:1: 473 daAuts
     D:6: 429 daAuts
     D:2: 248 daAuts
     D:4: 229 daAuts
     D:8: 41 daAuts
